 Dungeon Crawl Stone Soup version 0.22-a0-448-g1fb7470 (webtiles) character file.

57 mhoghedin the Conjurer (level 4, -2/26 HPs)
             Began as a Tengu Wizard on June 4, 2018.
             Shot with a stone by a goblin (7 damage)
             ... on level 2 of the Dungeon.
             The game lasted 00:04:34 (2246 turns).

mhoghedin the Conjurer (Tengu Wizard)               Turns: 2246, Time: 00:04:34

Health: -2/26      AC:  2    Str:  8    XL:     4   Next: 0%
Magic:  2/9        EV: 12    Int: 19    God:
Gold:   94         SH:  0    Dex: 12    Spells: 1/9 levels left

rFire    . . .     SeeInvis .   c - +1 club
rCold    . . .     Gourm    .   (no shield)
rNeg     . . .     Faith    .   a - +0 robe
rPois    .         Spirit   .   b - +0 hat
rElec    .         Reflect  .   (no cloak)
rCorr    .         Harm     .   (no gloves)
MR       .....                  (boots unavailable)
Stlth    ++........             (no amulet)
HPRegen  0.08/turn              j - ring of wizardry {Wiz+, !d}
MPRegen  0.11/turn              (no ring)

@: no status effects
A: beak, talons 3
a: no special abilities


You were on level 2 of the Dungeon.
You were not hungry.

You visited 1 branch of the dungeon, and saw 2 of its levels.

You collected 94 gold pieces.

Inventory:

Hand Weapons
 c - a +1 club (weapon)
   (You took it off a goblin on level 1 of the Dungeon)
Armour
 a - a +0 robe (worn)
 b - a +0 hat (worn)
Jewellery
 j - a ring of wizardry (left hand) {Wiz+, !d}
   (You found it on level 1 of the Dungeon)
Wands
 g - a wand of random effects (55)
   (You took it off a hobgoblin on level 1 of the Dungeon)
Scrolls
 e - a scroll of remove curse
 l - a scroll of enchant weapon
 n - a scroll of blinking {unknown}
Potions
 f - a potion of curing {unknown}
 h - a potion of berserk rage {unknown}
 i - a potion of resistance {unknown}
 k - a potion of heal wounds {unknown}
 m - a potion of might {unknown}
Comestibles
 d - 3 rations
 o - 2 chunks of flesh {@w0}


   Skills:
 - Level 2.3 Fighting
 - Level 2.1 Dodging
 - Level 2.0 Stealth
 - Level 3.0 Spellcasting
 + Level 3.5 Conjurations
 - Level 1.2 Summonings
 - Level 0.7 Translocations


You had one spell level left.
You knew the following spells:

 Your Spells              Type           Power        Failure   Level  Hunger
a - Magic Dart            Conj           ###.         1%          1    None
b - Blink                 Tloc           N/A          7%          2    ##.....
c - Call Imp              Summ           #.......     6%          2    ##.....
d - Conjure Flame         Conj/Fire      #.......     9%          3    ###....

Your spell library contained the following spells:

 Spells                   Type           Power        Failure   Level  Hunger
 Slow                     Hex            #.......     9%          2    ##.....
 Mephitic Cloud           Conj/Pois/Air  #.......     12%         3    ###....


Dungeon Overview and Level Annotations

Branches:
Dungeon (2/15)

Altars:


Innate Abilities, Weirdness & Mutations

You have a beak for a mouth.
You have claws for feet.


Message History

The worm dies!
You swap places.
You see here a worm corpse.
You butcher the worm corpse.
o - 2 chunks of flesh {@w0} You swap places.
Your white imp disappears in a puff of smoke!
Your white imp disappears in a puff of smoke!
A rat comes into view.
You regained 2 mp, and now have 7/8 mp.
A rat is nearby!
Aim: a rat The magic dart hits the rat.
The rat bites you.
You take 2 damage, and have 19/21 hp.
You now have 6/8 mp.
Aim: a rat (severely wounded)
The magic dart hits the rat.
You kill the rat!
You now have 5/8 mp. 2 goblins come into view.
The goblin shouts!
You hear a shout! x3
There are monsters nearby! 4 goblins and a hobgoblin come into view.
The goblin shouts! x2; The hobgoblin shouts!
The goblin unwields an uncursed dagger.
The goblin wields a hunting sling.
The goblin shoots a stone.
The stone barely misses you.
Aim: a goblin, wielding a club The magic dart hits the goblin.
The goblin misses you.
You now have 6/8 mp.
Aim: a goblin, wielding a club (almost dead)
The magic dart hits the goblin.
You kill the goblin!
Health restored: 21 You now have 5/8 mp.
Aim: a goblin, wielding a dagger The magic dart hits the goblin.
The goblin hits you with a dagger.
You take 2 damage, and have 19/21 hp.
Aim: a goblin, wielding a dagger (moderately wounded)
The magic dart hits the goblin.
You now have 4/8 mp.
You miscast Call Imp.
You are very lightly contaminated with residual magic.
You hear strange voices.
The goblin hits you with a club. The goblin barely misses you.
You take 3 damage, and have 16/21 hp.
You now have 2/8 mp.
Aim: a goblin, wielding a dagger (heavily wounded)
The magic dart hits the goblin.
You kill the goblin!
The goblin hits you with a club.
You take 4 damage, and have 12/21 hp.
You now have 1/8 mp.
Things that are here:
a dagger; a goblin corpse You don't have enough magic to cast that spell.
You hit the hobgoblin. The goblin hits you with a club.
The hobgoblin hits you with a club.
* * * LOW HITPOINT WARNING * * *
You take 8 damage, and have 4/21 hp.
MASSIVE DAMAGE!!
The hobgoblin hits you with a club.
* * * LOW HITPOINT WARNING * * *
You take 2 damage, and have 2/21 hp.
The hobgoblin closely misses you.
The goblin shoots a stone.
The stone barely misses you.
You see here a stone.
A beastly little devil appears in a puff of flame.
The hobgoblin hits you with a club.
* * * LOW HITPOINT WARNING * * *
Your crimson imp blinks!
Your magical contamination has completely faded away.
You take 1 damage, and have 2/21 hp.
You now have 1/8 mp.
The goblin misses your crimson imp.
Your crimson imp completely misses the goblin.
Your crimson imp blinks!
Your crimson imp hits the goblin.
There is a fountain of clear blue water here.
Your crimson imp blinks!
Your crimson imp barely misses the hobgoblin.
Something hits your crimson imp but does no damage.
The goblin shoots a stone.
The stone hits your crimson imp.
The goblin shoots a stone.
The stone barely misses your crimson imp.
The stone barely misses the hobgoblin.
The stone hits the goblin but does no damage.
Your crimson imp hits the hobgoblin but does no damage.
The goblin shoots a stone.
The stone closely misses your crimson imp.
The stone closely misses the hobgoblin.
The stone hits the goblin.
The goblin dies!
A beastly little devil appears in a puff of frigid air.
You now have 1/8 mp.
The goblin shoots a stone.
The stone misses your crimson imp.
The stone hits the hobgoblin.
The hobgoblin dies!
You have reached level 4!
You feel stronger.
The goblin shoots a stone.
The stone barely misses your crimson imp.
The stone misses your white imp. The stone barely misses you.
Your crimson imp disappears in a puff of smoke!
The goblin shoots a stone.
The stone hits you!
You die...

#...g..##....##...#.
##.#g##.#.....##..#..
#...g##...÷......#...
##..#(.....#.#.#.#....
#...5.####.#.......##.
####....(####.##.#..#.##.
.....÷......[..##.#.....#
###.....####.####..#....
#..(.@##......##......
##.............###....
#######.............#
##..##....###.#
#..##....# #..##...)###.#
.............#
##......(.#####
.........#####


You could see 2 goblins and a friendly white imp.

Vanquished Creatures
  A dart slug (D:1)
  A leopard gecko (D:2)
  3 giant cockroaches
  8 goblins
  3 hobgoblins
  3 jackals (D:1)
  A quokka (D:2)
  2 bats (D:1)
  5 frilled lizards
  4 kobolds
  6 rats
37 creatures vanquished.

Vanquished Creatures (collateral kills)
  An adder (D:2)
  2 worms (D:2)
  A giant cockroach (D:2)
  A hobgoblin (D:1)
5 creatures vanquished.

Vanquished Creatures (others)
  A hobgoblin (D:2)
  A goblin (D:2)
2 creatures vanquished.

Grand Total: 44 creatures vanquished

Notes
Turn   | Place    | Note
-------+----------+-------------------------------------------
     0 | D:1      | mhoghedin the Tengu Wizard began the quest for the Orb.
     0 | D:1      | Reached XP level 1. HP: 10/10 MP: 5/5
   249 | D:1      | Reached skill level 1 in Fighting
   262 | D:1      | HP: 3/12 [giant cockroach (1)]
   264 | D:1      | Reached XP level 2. HP: 5/16 MP: 0/7
   524 | D:1      | Learned a level 2 spell: Call Imp
   527 | D:1      | Learned a level 2 spell: Blink
   760 | D:1      | Reached skill level 2 in Fighting
   999 | D:1      | Reached XP level 3. HP: 15/21 MP: 0/8
  1164 | D:1      | Reached skill level 2 in Conjurations
  1365 | D:2      | Learned a level 3 spell: Conjure Flame
  1487 | D:2      | HP: 5/21 [hobgoblin/club (2)]
  1508 | D:1      | HP: 5/21 [hobgoblin/club (1)]
  2026 | D:2      | Reached skill level 3 in Conjurations
  2208 | D:2      | HP: 4/21 [hobgoblin/club (5)]
  2222 | D:2      | HP: 2/21 [hobgoblin/club (1)]
  2242 | D:2      | Reached XP level 4. HP: 5/26 MP: 1/9
  2246 | D:2      | Shot with a stone by a goblin

Vault maps used:
D:1:      roderic_crossed_star
D:2:      kennysheep_the_goblin_king, lemuel_coloured_pillars_altar,
          nicolae_overflow_hidden_temple, hangedman_decor_opposing,
          minmay_misc_feat_x, hangedman_feature_mirror, minmay_strange_pillars

Skill      XL: |  1  2  3 |
---------------+----------+-----
Fighting       | 1 2 |  2.3
Conjurations   | 3 |  3.5
Dodging        | |  2.1
Stealth        | |  2.0
Spellcasting   | |  3.0
Summonings     | |  1.2
Translocations | |  0.7

Action                   |  1- 3 |  4- 6 || total
-------------------------+-------+-------++-------
Melee: Club              |    21 |       ||    21
       Kick              |     5 |       ||     5
       Peck              |     2 |       ||     2
 Cast: Magic Dart        |   102 |       ||   102
       Call Imp          |     9 |       ||     9
       Blink             |     1 |       ||     1
  Use: Scroll            |     4 |       ||     4
 Stab: Sleeping          |     1 |       ||     1
  Eat: Chunk             |     2 |       ||     2
       Ration            |     1 |       ||     1
Armor: Robe              |    11 |       ||    11
Dodge: Dodged            |    38 |     1 ||    39

Table legend:
 A = Spawn XP
 B = Non-spawn XP
 C = Spawn XP percentage of total XP
 D = Spawn monster count
 E = Non-spawn monster count
 F = Spawn count percentage of total count
 G = Total turns spent on level
                    A         B        C        D         E        F      G
               +---------+---------+-------+---------+---------+-------+---------
         Total |       0 |      82 |   0.0 |       0 |      43 |   0.0 |  2246
               +---------+---------+-------+---------+---------+-------+---------
           D:1 |       0 |      40 |   0.0 |       0 |      25 |   0.0 |  1558
           D:2 |       0 |      42 |   0.0 |       0 |      18 |   0.0 |   688
               +---------+---------+-------+---------+---------+-------+---------

Vault maps used:
D:1:      roderic_crossed_star
D:2:      kennysheep_the_goblin_king, lemuel_coloured_pillars_altar,
          nicolae_overflow_hidden_temple, hangedman_decor_opposing,
          minmay_misc_feat_x, hangedman_feature_mirror, minmay_strange_pillars

Table legend:
 A = Turns spent in this place as a percentage of turns spent in the entire game.
 B = Non-inter-level travel turns spent in this place as a percentage of non-inter-level travel turns spent in the entire game.
 C = Inter-level travel turns spent in this place as a percentage of turns spent in this place.
 D = Turns resting spent in this place as a percentage of non-inter-level travel turns spent in this place.
 E = Turns spent auto-exploring this place as a percentage of non-inter-level travel turns spent in this place.
 F = Non-inter-level travel turns spent in this place divided by the number of levels of this place that you've seen.
                   A       B       C       D       E      F
               +-------+-------+-------+-------+-------+----------------------
         Total | 100.0 | 100.0 |   2.0 |  56.3 |  24.9 | 1100.0
       Dungeon | 100.0 | 100.0 |   2.0 |  56.3 |  24.9 | 1100.0
               +-------+-------+-------+-------+-------+----------------------

Table legend:
 A = Kills in this place as a percentage of kills in entire the game.
 B = Kills by you in this place as a percentage of kills by you in the entire game.
 C = Kills by friends in this place as a percentage of kills by friends in the entire game.
 D = Other kills in this place as a percentage of other kills in the entire game.
 E = Experience gained in this place as a percentage of experience gained in the entire game.
 F = Experience gained in this place divided by the number of levels of this place that you have seen.
                   A       B       C       D       E      F
               +-------+-------+-------+-------+-------+----------------------
         Total | 100.0 | 100.0 | 100.0 | 100.0 | 100.0 |  41.0
       Dungeon | 100.0 | 100.0 | 100.0 | 100.0 | 100.0 |  41.0
               +-------+-------+-------+-------+-------+----------------------
